 Dungeon Crawl Stone Soup version 0.21.0-24-g2553a33 (webtiles) character file.

5936 axillian the Covered (level 10, -2/76 HPs)
             Began as a Demonspawn Monk on Jan 21, 2018.
             Was an Elder of Nemelex Xobeh.
             Killed by divine providence
             ... invoked by a meliai
              (16 damage)
             ... on level 9 of the Dungeon.
             The game lasted 00:39:16 (8796 turns).

axillian the Covered (Demonspawn Monk)              Turns: 8796, Time: 00:39:22

Health: -2/76      AC: 20    Str: 22    XL:     10   Next: 54%
Magic:  12/12      EV:  8    Int: 12    God:    Nemelex Xobeh [****..]
Gold:   504        SH:  9    Dex: 15    Spells: 9/9 levels left

rFire    + . .     SeeInvis .   L - +2 broad axe (elec)
rCold    . . .     Gourm    .   O - +0 shield
rNeg     + . .     Faith    .   n - +0 plate armour
rPois    .         Spirit   .   R - +0 hat {MR+}
rElec    .         Reflect  .   z - +2 cloak
rCorr    .         Harm     .   (no gloves)
MR       +....                  (no boots)
Stlth    ..........             (no amulet)
HPRegen  0.22/turn              Q - ring of positive energy
MPRegen  0.13/turn              q - +2 ring of strength

@: mighty
A: horns 2, molten scales 3, powered by pain 1
a: Triple Draw, Deal Four, Renounce Religion


You were on level 9 of the Dungeon.
You worshipped Nemelex Xobeh.
Nemelex Xobeh was greatly pleased with you.
You were hungry.

You visited 1 branch of the dungeon, and saw 9 of its levels.

You collected 504 gold pieces.

Inventory:

Hand Weapons
 p - a +1 mace of crushing
 L - a +2 broad axe of electrocution (weapon)
Armour
 n - a +0 plate armour (worn)
 o - a +1 hat
 z - a +2 cloak (worn)
 F - a scarf of spirit shield
 O - a +0 shield (worn)
 R - a +0 hat of magic resistance (worn)
Jewellery
 g - an uncursed ring of wizardry
 i - an uncursed ring of stealth
 q - a +2 ring of strength (right hand)
 Q - a ring of positive energy (left hand)
Wands
 r - a wand of disintegration (9)
 M - a wand of enslavement (17)
Scrolls
 d - 4 scrolls of remove curse
 e - a scroll of noise {unknown}
 f - 8 scrolls of identify {unknown}
 j - 2 scrolls of enchant weapon {unknown}
 k - 2 scrolls of random uselessness {unknown}
 l - a scroll of amnesia {unknown}
 m - 3 scrolls of blinking {unknown}
 u - 5 scrolls of teleportation {unknown}
 x - a scroll of fear {unknown}
 A - a scroll of immolation {unknown}
 C - 2 scrolls of magic mapping {unknown}
 D - a scroll of brand weapon {unknown}
 G - 5 scrolls of enchant armour {unknown}
 V - a scroll of fog {unknown}
Potions
 b - a potion of might {unknown}
 h - a potion of heal wounds {unknown}
 s - 2 potions of curing {unknown}
 v - a potion of invisibility {unknown}
 w - 2 potions of haste {unknown}
 B - a potion of ambrosia {unknown}
 E - a potion of lignification {unknown}
 I - a potion of agility {unknown}
 K - a potion of brilliance {unknown}
 T - a potion of resistance {unknown}
 U - a potion of mutation {unknown}
Books
 J - a book of Clouds

   Spells                             Type                      Level
   a - Poisonous Vapours              Poison/Air                   2
   b - Mephitic Cloud                 Conjuration/Poison/Air       3
   c - Conjure Flame                  Conjuration/Fire             3
   d - Freezing Cloud                 Conjuration/Ice/Air          6
   e - Ring of Flames                 Charms/Fire                  7
 N - a book of Conjurations

   Spells                             Type                      Level
   a - Magic Dart                     Conjuration                  1
   b - Searing Ray                    Conjuration                  2
   c - Dazzling Spray                 Conjuration/Hexes            3
   d - Fulminant Prism                Conjuration/Hexes            4
   e - Force Lance                    Conjuration/Translocation    4
   f - Iskenderun's Mystic Blast      Conjuration                  4
Miscellaneous
 a - a plain deck of escape {drawn: 3}
 t - an ornate deck of summoning {drawn: 4}
 y - a plain deck of summoning {drawn: 4}
 H - an ornate deck of escape {drawn: 4}
 P - a plain deck of destruction {drawn: 3}
 S - an ornate deck of destruction {drawn: 3}
Comestibles
 c - 7 rations


   Skills:
 + Level 5.8 Fighting
 + Level 5.5(7.2) Axes
 + Level 7.2(8.1) Maces & Flails
 * Level 7.9 Armour
 * Level 6.7 Dodging
 - Level 1.8 Stealth
 + Level 2.6 Shields
 + Level 3.1 Invocations


You had 9 spell levels left.
You didn't know any spells.

Dungeon Overview and Level Annotations

Branches:
Dungeon (9/15)             Temple (0/1) D:5            Lair (0/6) D:9
    Orc: D:9-12

Altars:
Ashenzari
Elyvilon
Gozag
Kikubaaqudgha
Nemelex Xobeh
Ru
Sif Muna
Trog
Uskayaw
Zin

Shops:
D:4 ?   D:8 [


Innate Abilities, Weirdness & Mutations

You have a pair of horns on your head.
You are completely covered in molten scales. (AC +4, rF+)
You sometimes gain a little power by taking damage.


Message History

The red devil hits you from afar with a trident!
You focus on the pain.
You feel very mighty all of a sudden.
A meliai comes into view. It is wielding a war axe.
The red devil hits you with a trident.
A meliai comes into view. It is wielding a hand axe.
The meliai buzzes angrily.
You slash the red devil!
The red devil is moderately wounded.
The meliai mumbles some strange prayers to its god against you.
Something smites you!
The red devil hops backward while attacking.
The red devil completely misses you.
The meliai calls down the wrath of its god upon you.
Something smites you!
* * * LOW HITPOINT WARNING * * *
The meliai mumbles some strange prayers to its god against you.
Something smites you!
You die...
Your body disappears without a glow.

#....... #.)....# #.
#......# #. #......#
#.. #......# .. #..
#......# #.#
#..##......# #.#
#..y@......# #.# #.
#.y4.......## #.# #.
#....##...<....###.#
#. #...
#...###......# #.
#.. #...# #......#
#. #. #..[#
#..###.####. # #...#
#..# #...... #...#
#..# #...... #...#
#..# #..###.


You could see a red devil and 2 meliai.

Vanquished Creatures
  The ghost of pstr the Geomancer, a novice NaEE (D:9)
  2 two-headed ogres (D:8)
  3 hippogriffs (D:8)
  2 hell hounds (D:9)
  A sky beast (D:8)
  A phantom (D:4)
  2 ice beasts (D:9)
  3 ogres
  A centaur (D:7)
  A big kobold (D:8)
  A bullfrog (D:6)
  A gnoll sergeant (D:7)
  4 scorpions
  A water moccasin skeleton (D:8)
  8 killer bees
  A howler monkey (D:6)
  3 crimson imps
  A bullfrog zombie (D:6)
  A quasit (D:8)
  2 centaur zombies
  4 hounds
  3 orc priests
  An iguana (D:7)
  A jelly (D:8)
  An orc wizard (D:8)
  Ijyb (D:3)
  7 worker ants
  2 howler monkey skeletons
  8 gnolls
  6 adders
  2 shadow imps
  An adder skeleton (D:6)
  An adder zombie (D:7)
  A worm (D:3)
  3 dart slugs
  5 leopard geckos
  13 orcs
  7 giant cockroaches
  8 goblins
  6 hobgoblins
  9 jackals
  11 kobolds
  3 quokkas
  2 ball pythons
  6 bats
  5 frilled lizards
  A giant cockroach zombie (D:6)
  A leopard gecko skeleton (D:7)
  A quokka zombie (D:5)
  4 rats
164 creatures vanquished.

Vanquished Creatures (collateral kills)
  A two-headed ogre (D:8)
  A sixfirhy (D:7)
  Grinder (D:6)
  An ogre (D:4)
  A quasit (D:5)
  3 orc wizards
  4 orcs
  A bat (D:3)
  2 hobgoblins (D:3)
15 creatures vanquished.

Grand Total: 179 creatures vanquished

Notes
Turn   | Place    | Note
-------+----------+-------------------------------------------
     0 | D:1      | axillian the Demonspawn Monk began the quest for the Orb.
     0 | D:1      | Reached XP level 1. HP: 18/18 MP: 1/1
   498 | D:1      | Gained mutation: You are partially covered in molten scales. (AC +2) [demonic ancestry]
   498 | D:1      | Reached XP level 2. HP: 24/24 MP: 2/2
  1283 | D:2      | Gained mutation: You are mostly covered in molten scales. (AC +3) [demonic ancestry]
  1283 | D:2      | Reached XP level 3. HP: 27/29 MP: 3/3
  1492 | D:2      | Found a sacrificial altar of Ru.
  1586 | D:2      | Found a sparkling altar of Nemelex Xobeh.
  1721 | D:2      | Became a worshipper of Nemelex Xobeh the Trickster
  1721 | D:2      | Received a gift from Nemelex Xobeh
  1721 | D:2      | Reached * piety under Nemelex Xobeh
  1721 | D:2      | Reached ** piety under Nemelex Xobeh
  1967 | D:3      | Noticed Ijyb
  1980 | D:3      | Killed Ijyb
  1980 | D:3      | Gained mutation: You have a pair of small horns on your head. [demonic ancestry]
  1980 | D:3      | Reached XP level 4. HP: 22/35 MP: 4/4
  2179 | D:3      | Found an opulent altar of Gozag.
  2259 | D:3      | Received a gift from Nemelex Xobeh
  2286 | D:3      | Reached skill level 1 in Armour
  2443 | D:3      | Found a glowing silver altar of Zin.
  2457 | D:3      | Found a deep blue altar of Sif Muna.
  2645 | D:3      | Found a shattered altar of Ashenzari.
  2885 | D:4      | Found Nonunt's Magic Scroll Emporium.
  2896 | D:4      | Reached XP level 5. HP: 31/41 MP: 5/5
  2915 | D:4      | Received a gift from Nemelex Xobeh
  2919 | D:4      | Noticed an ogre
  2925 | D:4      | Killed an ogre
  3010 | D:4      | Reached *** piety under Nemelex Xobeh
  3021 | D:4      | Noticed a phantom
  3088 | D:4      | Killed a phantom
  3088 | D:4      | Gained mutation: You sometimes gain a little power by taking damage. [demonic ancestry]
  3088 | D:4      | Reached XP level 6. HP: 36/48 MP: 6/6
  3360 | D:5      | Entered Level 5 of the Dungeon
  3376 | D:5      | Found a staircase to the Ecumenical Temple.
  3439 | D:5      | Found a sacrificial altar of Ru.
  3541 | D:5      | Found a white marble altar of Elyvilon.
  3581 | D:5      | Received a gift from Nemelex Xobeh
  4395 | D:6      | Gained mutation: You have a pair of horns on your head. [demonic ancestry]
  4395 | D:6      | Reached XP level 7. HP: 45/54 MP: 5/7
  4421 | D:6      | Reached skill level 5 in Maces & Flails
  4708 | D:6      | Noticed Grinder
  4723 | D:6      | Killed Grinder
  5129 | D:6      | Reached skill level 5 in Armour
  5172 | D:6      | Reached XP level 8. HP: 59/60 MP: 8/8
  5773 | D:7      | Reached **** piety under Nemelex Xobeh
  6450 | D:7      | Noticed a sixfirhy
  6452 | D:7      | Found a runed door.
  6477 | D:7      | Killed a sixfirhy
  6477 | D:7      | Reached skill level 5 in Dodging
  6553 | D:7      | Found a bloodstained altar of Trog.
  6612 | D:7      | Received a gift from Nemelex Xobeh
  6790 | D:8      | Found a hide-covered altar of Uskayaw.
  6869 | D:8      | Noticed a two-headed ogre
  6872 | D:8      | Found an ancient bone altar of Kikubaaqudgha.
  6878 | D:8      | Killed a two-headed ogre
  6878 | D:8      | Reached skill level 1 in Invocations
  6878 | D:8      | Reached XP level 9. HP: 44/67 MP: 9/9
  7243 | D:8      | Noticed a two-headed ogre
  7250 | D:8      | Killed a two-headed ogre
  7250 | D:8      | Reached skill level 5 in Fighting
  7250 | D:8      | Reached skill level 1 in Shields
  7482 | D:8      | Received a gift from Nemelex Xobeh
  7685 | D:8      | Gained mutation: You are completely covered in molten scales. (AC +4, rF+) [demonic ancestry]
  7685 | D:8      | Reached XP level 10. HP: 59/74 MP: 11/11
  7700 | D:8      | Found Funainn's Antique Armour Shoppe.
  8159 | D:8      | Noticed a two-headed ogre
  8175 | D:8      | Killed a two-headed ogre
  8349 | D:9      | Found a staircase to the Lair.
  8402 | D:9      | Reached skill level 5 in Axes
  8736 | D:9      | Received a gift from Nemelex Xobeh
  8769 | D:9      | Noticed pstr's ghost (novice NaEE)
  8790 | D:9      | Killed pstr's ghost
  8796 | D:9      | Killed from afar by a meliai

Skill      XL: |  1  2  3  4  5  6  7  8  9 10 |
---------------+-------------------------------+-----
Maces & Flails | 3 4 5 7 |  7.2
Dodging        | 3 4 5 6 |  6.7
Armour         | 2 4 5 6 7 |  7.9
Fighting       | 4 5 |  5.8
Axes           | 2 4 5 |  5.5
Invocations    | 1 2 3 |  3.1
Shields        | 1 2 |  2.6
Stealth        | |  1.8

Action                   |  1- 3 |  4- 6 |  7- 9 | 10-12 || total
-------------------------+-------+-------+-------+-------++-------
Melee: Mace              |   120 |   197 |   155 |       ||   472
       Headbutt          |       |    35 |    43 |    13 ||    91
       Broad axe         |       |       |    78 |    66 ||   144
Evoke: Deck              |     1 |     3 |    14 |     7 ||    25
  Use: Scroll            |       |     1 |       |       ||     1
 Stab: Sleeping          |     2 |       |       |       ||     2
  Eat: Chunk             |     3 |     8 |     4 |     3 ||    18
       Ration            |       |       |     2 |       ||     2
Armor: Robe              |    10 |       |       |       ||    10
       Plate armour      |    52 |   139 |   213 |   102 ||   506
       Skin              |     1 |       |       |       ||     1
       Chain mail        |    49 |    93 |       |       ||   142
Dodge: Dodged            |    75 |    95 |    67 |    33 ||   270
Block: Shield            |       |       |    51 |    45 ||    96
